 Dungeon Crawl Stone Soup version 0.20.0-15-g7f486f2 (console) character file.

97585 Kloppie the Fencer (level 15, -10/208 HPs)
             Began as a Minotaur Fighter on June 17, 2017.
             Was the Champion of Trog.
             Killed by the raging water
             ... invoked by a water nymph
              (24 damage)
             ... on level 2 of the Shoals.
             The game lasted 00:46:28 (24528 turns).

Kloppie the Fencer (Minotaur Fighter)              Turns: 24528, Time: 00:46:28

Health: -10/208    AC: 27    Str: 28    XL:     15   Next: 72%
Magic:  14/14      EV:  2    Int:  5    God:    Trog [******]
Gold:   2680       SH: 14    Dex:  9    Spells: 14/14 levels left

rFire    . . .     SeeInvis .   a - +9 double sword (elec)
rCold    + . .     Gourm    .   c - +0 shield
rNeg     + + +     Faith    .   (armour currently unavailable)
rPois    +         Spirit   .   (helmet currently unavailable)
rElec    .         Reflect  .   (cloak currently unavailable)
rCorr    .         Harm     .   (gloves currently unavailable)
MR       ++++.     NoTele   +   (boots currently unavailable)
Stlth    +.........             F - amulet of regeneration
Regen    1.9/turn               i - ring of protection from cold
MPRegen  0.2/turn               D - ring of protection from magic

@: tree-form, barbed spikes, mesmerised, regenerating, very slow
A: (retaliatory headbutt)
a: Berserk, Trog's Hand, Brothers in Arms, Burn Spellbooks, Renounce Religion


You were on level 2 of the Shoals.
You worshipped Trog.
Trog was exalted by your worship.
You were hungry.
You were a tree.
You visited 5 branches of the dungeon, and saw 26 of its levels.
You also visited: Bailey and Ice Cave.

You collected 3304 gold pieces.
You spent 624 gold pieces at shops.

Inventory:

Hand Weapons
 a - a +9 double sword of electrocution (weapon)
 b - a +3 scimitar of flaming
 p - the +9 sword of Zonguldrok {reap}
   (You found it on level 6 of the Lair of Beasts)

   If a monster killed with it leaves a corpse in good enough shape, the corpse
   will be animated as a zombie friendly to the killer.
 S - a +1 antimagic demon blade
 Y - a +6 double sword of holy wrath
Missiles
 V - 3 steel javelins
 X - a javelin (quivered)
Armour
 c - a +0 shield (worn)
 h - a +1 pair of gloves (melded)
 s - a +1 hat (melded)
 u - a +3 plate armour (melded)
 L - a +1 cloak of cold resistance (melded)
Jewellery
 i - a ring of protection from cold (left branch)
 m - an uncursed ring of flight
 D - a ring of protection from magic (right branch)
 F - an amulet of regeneration (around neck)
Wands
 z - a wand of iceblast (14/15)
 A - a wand of polymorph (13/24)
 B - a wand of lightning (3/15)
 C - a wand of flame (15/48)
 H - a wand of digging (9/24)
 R - a wand of random effects (40/48)
 W - a wand of acid (10/15)
Scrolls
 e - 5 scrolls of identify
 g - 2 scrolls of fear
 k - 14 scrolls of teleportation
 n - 3 scrolls of enchant weapon
 t - 3 scrolls of fog
 v - 2 scrolls of blinking
 x - 5 scrolls of remove curse
 y - 3 scrolls of recharging
 M - 2 scrolls of magic mapping
 N - a scroll of enchant armour
Potions
 d - 3 potions of agility
 o - 5 potions of curing
 q - 4 potions of haste
 r - a potion of cancellation
 w - 7 potions of flight
 E - 6 potions of might
 G - 5 potions of brilliance
 I - 2 potions of magic
 J - 3 potions of resistance
 K - 2 potions of invisibility
Books
 Q - a book of Clouds

   Spells                             Type                      Level
   a - Poisonous Vapours              Poison/Air                   2
   b - Mephitic Cloud                 Conjuration/Poison/Air       3
   c - Conjure Flame                  Conjuration/Fire             3
   d - Freezing Cloud                 Conjuration/Ice/Air          6
   e - Ring of Flames                 Charms/Fire                  7
   Trog disapproves of the use of such an item.
Comestibles
 f - 11 bread rations
 j - 11 meat rations
 l - 10 fruits
 O - 12 chunks of flesh
 U - 2 royal jellies


   Skills:
 - Level 14.8 Fighting
 - Level 16.7 Long Blades
 + Level 6.9 Throwing
 - Level 15.8 Armour
 - Level 8.7 Dodging
 - Level 15.0 Shields


You had 14 spell levels left.
You didn't know any spells.

Dungeon Overview and Level Annotations

Branches:
Dungeon (15/15)            Temple (1/1) D:4            Lair (6/6) D:9
 Shoals (2/4) Lair:2       Spider (0/4) Lair:4        Slime (0/5) Lair:5
    Orc (2/2) D:12            Elf (0/3) Orc:2        Vaults (0/5) D:13
 Depths (0/5) D:15

Altars:
Ashenzari
Cheibriados
Dithmenos
Elyvilon
Fedhas
Gozag
Hepliaklqana
Kikubaaqudgha
Makhleb
Nemelex Xobeh
Okawaru
Qazlal
Ru
Sif Muna
Trog
Uskayaw
Vehumet
Xom
Yredelemnul
Zin
The Shining One
Beogh
Jiyva

Shops:
D:6 }   D:7 (   D:12 *   Orc:1 (   Orc:2 !%%?:

Annotations:
D:7 1 exclusion


Innate Abilities, Weirdness & Mutations

((You reflexively headbutt those who attack you in melee.))
((You have a pair of horns on your head.))


Message History

The merfolk looks frightened!
The water nymph resists with almost no effort.
The merfolk avatar moves out of view.
The merfolk siren chants its luring song.
You cannot move.
The merfolk aquamancer gestures wildly while chanting.
The merfolk aquamancer blinks!
Your cyclops rages.
The merfolk siren chants its luring song.
The water nymph weeps quietly.
The merfolk siren chants its luring song.
The water nymph looks scared stiff.
Throwing (i - inventory. (,) - cycle):
X - 2 javelins (quivered)
Press: ? - help, Shift-Dir - straight line, f - merfolk siren
Aim: a merfolk siren, wielding a trident (mesmerising)
You throw a javelin. The javelin hits the merfolk siren.
The merfolk siren is lightly wounded.
The water nymph gestures at you while chanting.
The water swirls and strikes you!
You die...

P≈P≈≈≈≈≈..
≈≈≈≈≈≈≈≈≈≈.$####.
≈≈≈≈≈≈≈≈.. ......
≈≈≈≈≈≈≈k.. ≈.....
≈≈≈≈..≈≈.##H....≈
.≈≈≈.≈m..#.C.≈≈≈≈
...≈..≈≈(.≈≈.≈≈≈≈
#.....≈().≈≈≈≈≈≈
#≈≈..≈♣≈(≈≈≈≈≈≈≈
..≈≈.m.()≈)≈≈≈≈≈≈
..≈≈.#.≈≈≈≈≈≈≈≈≈≈
≈≈≈≈ ##≈(≈≈≈(≈≈≈≈
≈≈≈ .≈≈≈≈≈≈mc≈≈
≈≈ ≈≈≈(≈≈≈≈≈≈≈≈ ≈
≈≈≈≈≈≈≈≈.....
≈≈≈≈≈≈≈≈.###..


You could see a wind drake (fleeing), a faun (fleeing), a manticore (fleeing), a
merfolk siren, 2 water nymphs and a friendly cyclops (berserk).

Vanquished Creatures
  Rupert (D:13)
  An orc warlord (Orc:2)
  A white draconian (IceCv)
  2 merfolk impalers (Shoals:1)
  Snorg (Lair:5)
  A fire dragon (D:15)
  A yaktaur captain (D:13)
  An ice dragon (D:15)
  2 centaur warriors
  A merfolk aquamancer (Shoals:1)
  11 hydras
  A satyr (Shoals:1)
  6 death yaks (Lair:5)
  2 two-headed ogres (D:13)
  A tengu warrior (D:15)
  Urug (Lair:5)
  Nergalle (Lair:1)
  3 unseen horrors
  A swamp dragon (shapeshifter) (D:14)
  The ghost of loom the Cleaver, a novice HOFi of Okawaru (D:5)
  The ghost of Mysteryquy the Chopper, a novice MiBe of Trog (D:6)
  4 harpies (Shoals:1)
  2 ugly things (D:12)
  4 orc knights
  A deep elf mage (D:12)
  9 fauns (Shoals:1)
  Joseph (Lair:1)
  9 cyclopes
  6 elephants (Lair:6)
  A manticore (D:12)
  5 merfolk sirens
  2 ice statues (IceCv)
  A water nymph (Shoals:1)
  19 spiny frogs
  3 gargoyles
  A kobold demonologist (D:13)
  An efreet (D:13)
  14 komodo dragons
  2 yaktaurs (D:13)
  A rime drake (Lair:2)
  12 polar bears
  2 trolls
  3 tyrant leeches (Lair:6)
  3 hornets
  7 merfolk
  19 blink frogs
  A wolf spider simulacrum (D:14)
  6 dream sheep (Shoals:1)
  6 slime creatures
  9 hippogriffs
  3 snapping turtles (Shoals:1)
  A meliai zombie (D:13)
  10 water elementals
  Sigmund (D:6)
  2 wraiths
  20 yaks
  6 basilisks
  A wyvern (Lair:6)
  A basilisk (shapeshifter) (D:14)
  A hungry ghost (D:12)
  11 vampire mosquitoes
  2 wargs
  4 acid dragons
  10 water moccasins
  5 porcupines
  32 orc warriors
  4 sky beasts
  3 ice beasts
  A hornet zombie (D:6)
  3 phantoms
  2 black bears
  15 centaurs
  18 wolves
  12 ogres
  2 big kobolds (D:13)
  7 crocodiles
  Blork the orc (D:4)
  7 gnoll sergeants (Bailey)
  30 bullfrogs
  7 scorpions
  6 killer bees (D:12)
  4 wights (D:13)
  5 electric eels
  2 howler monkeys
  6 crimson imps
  6 centaur zombies
  12 hounds
  4 jellies
  18 orc priests
  6 gnoll shamans
  Crazy Yiuf (D:2)
  A bullfrog skeleton (D:8)
  13 orc wizards
  6 centaur skeletons
  Natasha (thrice) (D:2)
  2 iguanas (D:12)
  10 worker ants
  Robin (D:2)
  18 gnolls
  A howler monkey skeleton (D:4)
  17 adders
  2 shadow imps
  An ooze (D:1)
  2 adder skeletons
  4 worms
  2 dart slugs
  4 leopard geckos
  68 orcs
  7 giant cockroaches
  10 goblins
  20 hobgoblins
  10 jackals
  12 kobolds
  2 quokkas
  3 ball pythons
  6 bats
  3 frilled lizards
  2 leopard gecko skeletons
  7 rats
  3 plants
727 creatures vanquished.

Vanquished Creatures (collateral kills)
  A two-headed ogre (Orc:2)
  An unseen horror (D:13)
  A faun (Shoals:2)
  An oklob plant (Lair:6)
  A merfolk siren (Shoals:2)
  3 orc warriors (Orc:2)
  A gnoll sergeant (Bailey)
  An orc wizard (D:13)
  A gnoll shaman (Bailey)
  11 orcs
22 creatures vanquished.

Vanquished Creatures (others)
  A vampire mosquito (D:13)
  A bush (Lair:5)
  5 fungi
  7 plants
14 creatures vanquished.

Grand Total: 763 creatures vanquished

Notes
Turn   | Place    | Note
-------+----------+-------------------------------------------
     0 | D:1      | Kloppie the Minotaur Fighter began the quest for the Orb.
     0 | D:1      | Reached XP level 1. HP: 19/19 MP: 0/0
    88 | D:1      | Reached skill level 3 in Long Blades
    92 | D:1      | Reached XP level 2. HP: 11/26 MP: 1/1
   587 | D:1      | Reached skill level 4 in Long Blades
   781 | D:2      | Reached XP level 3. HP: 31/31 MP: 2/2
   982 | D:2      | Reached skill level 5 in Long Blades
  1041 | D:2      | Found a burning altar of Makhleb.
  1048 | D:2      | Reached XP level 4. HP: 36/39 MP: 3/3
  1071 | D:2      | Noticed Natasha
  1075 | D:2      | Killed Natasha
  1088 | D:2      | Noticed Natasha
  1089 | D:2      | Reached skill level 6 in Long Blades
  1101 | D:2      | Killed Natasha
  1101 | D:2      | Reached XP level 5. HP: 6/45 MP: 4/4
  1432 | D:2      | Noticed Robin
  1455 | D:2      | Killed Robin
  1823 | D:2      | Found a runed door.
  1873 | D:2      | Noticed Natasha
  1886 | D:2      | Killed Natasha
  2040 | D:2      | Noticed Crazy Yiuf
  2045 | D:2      | Killed Crazy Yiuf
  2045 | D:2      | Reached skill level 5 in Fighting
  2177 | D:3      | Reached XP level 6. HP: 55/56 MP: 5/5
  2222 | D:3      | Found a shattered altar of Ashenzari.
  2967 | D:4      | Reached skill level 5 in Armour
  3011 | D:4      | Found a staircase to the Ecumenical Temple.
  3021 | Temple   | Entered the Ecumenical Temple
  3229 | Temple   | Became a worshipper of Trog the Wrathful
  3253 | D:4      | Noticed Blork the orc
  3255 | D:4      | Found a shimmering altar of Xom.
  3260 | D:4      | Killed Blork the orc
  3327 | D:4      | Reached XP level 7. HP: 58/61 MP: 6/6
  3689 | D:4      | Reached * piety under Trog
  4297 | D:5      | Entered Level 5 of the Dungeon
  4297 | D:5      | Noticed loom's ghost (novice HOFi)
  4313 | D:5      | Killed loom's ghost
  4313 | D:5      | Reached skill level 9 in Long Blades
  4313 | D:5      | Reached XP level 8. HP: 59/68 MP: 7/7
  4585 | D:5      | Found a hide-covered altar of Uskayaw.
  4709 | D:5      | Found a glowing golden altar of the Shining One.
  4744 | D:5      | Found a basalt altar of Yredelemnul.
  4746 | D:5      | Found a glowing silver altar of Zin.
  4813 | D:5      | Found a hazy altar of Hepliaklqana.
  5275 | D:6      | Noticed Mysteryquy's ghost (novice MiBe)
  5278 | D:6      | Noticed Sigmund
  5289 | D:6      | Reached skill level 10 in Long Blades
  5302 | D:6      | Killed Mysteryquy's ghost
  5302 | D:6      | Reached skill level 11 in Long Blades
  5310 | D:6      | Killed Sigmund
  5310 | D:6      | Reached XP level 9. HP: 67/74 MP: 8/8
  5378 | D:6      | Reached skill level 12 in Long Blades
  5405 | D:6      | Found Serph's Gadget Shoppe.
  6234 | D:7      | Found a burning altar of Makhleb.
  6588 | D:7      | Found Riyxepn's Weapon Shoppe.
  7251 | D:8      | Reached ** piety under Trog
  7315 | D:8      | Reached skill level 5 in Shields
  7587 | D:8      | Reached XP level 10. HP: 59/91 MP: 9/9
  7889 | D:9      | Found a staircase to the Lair.
  8327 | D:9      | Reached *** piety under Trog
  8406 | D:9      | Reached skill level 10 in Shields
  8722 | D:9      | Received a gift from Trog
  9066 | Lair:1   | Entered Level 1 of the Lair of Beasts
  9112 | Lair:1   | Noticed an eight-headed hydra
  9123 | Lair:1   | Killed a two-headed hydra
  9123 | Lair:1   | Reached skill level 10 in Armour
  9428 | Lair:1   | Reached XP level 11. HP: 43/97 MP: 10/10
  9552 | Lair:1   | Noticed Nergalle
  9569 | Lair:1   | Killed Nergalle
  9691 | Lair:1   | Reached skill level 13 in Long Blades
  9780 | Lair:1   | Noticed a five-headed hydra
  9795 | Lair:1   | Killed a one-headed hydra
  9884 | Lair:1   | Noticed Joseph
  9892 | Lair:1   | Killed Joseph
 10249 | Lair:1   | Reached skill level 14 in Long Blades
 10944 | Lair:2   | Noticed a five-headed hydra
 10957 | Lair:2   | Killed a one-headed hydra
 11773 | Lair:2   | Noticed a five-headed hydra
 11786 | Lair:2   | Killed a one-headed hydra
 11808 | Lair:2   | Reached **** piety under Trog
 11939 | Lair:2   | Found a staircase to the Shoals.
 12249 | Lair:3   | Noticed an eight-headed hydra
 12262 | Lair:3   | Killed a three-headed hydra
 12262 | Lair:3   | Reached XP level 12. HP: 60/105 MP: 11/11
 12974 | Lair:4   | Found a frozen archway.
 12988 | IceCv    | Entered an ice cave
 13558 | IceCv    | Reached skill level 10 in Fighting
 13970 | IceCv    | Noticed a white draconian
 14014 | IceCv    | Killed a white draconian
 14463 | Lair:4   | Found a hole to the Spider Nest.
 14769 | Lair:4   | Noticed a five-headed hydra
 14782 | Lair:4   | Killed a one-headed hydra
 14988 | Lair:4   | Noticed a four-headed hydra
 14999 | Lair:4   | Killed a one-headed hydra
 15091 | Lair:5   | Noticed Snorg
 15104 | Lair:5   | Killed Snorg
 15104 | Lair:5   | Reached XP level 13. HP: 76/118 MP: 12/12
 15448 | Lair:5   | Noticed Urug
 15463 | Lair:5   | Killed Urug
 15578 | Lair:5   | Found a viscous altar of Jiyva.
 15579 | Lair:5   | Found a staircase to the Slime Pits.
 15851 | Lair:5   | Reached skill level 15 in Shields
 15943 | Lair:6   | Entered Level 6 of the Lair of Beasts
 16216 | Lair:6   | Reached ***** piety under Trog
 16750 | Lair:6   | Reached XP level 14. HP: 42/133 MP: 13/13
 16984 | Lair:6   | Got a spiked scale mail
 17131 | Lair:6   | Reached skill level 1 in Dodging
 17195 | Lair:6   | Received a gift from Trog
 17533 | Lair:6   | Identified the +0 scale mail "Gauramp" {rPois Int-4 Slay+2} (You found it on level 6 of the Lair of Beasts)
 17690 | D:10     | Entered Level 10 of the Dungeon
 18432 | D:11     | Found a flagged portal.
 18441 | Bailey   | Entered a bailey
 19131 | D:12     | Found Deikkife's Assorted Antiques.
 19144 | D:12     | Reached skill level 15 in Long Blades
 19382 | D:12     | Found a staircase to the Orcish Mines.
 19889 | Orc:1    | Entered Level 1 of the Orcish Mines
 19973 | Orc:1    | Found Kecvozet's Weapon Emporium.
 20011 | Orc:2    | Entered Level 2 of the Orcish Mines
 20076 | Orc:2    | Found a roughly hewn altar of Beogh.
 20085 | Orc:2    | Found a staircase to the Elven Halls.
 20139 | Orc:2    | Noticed an orc warlord
 20160 | Orc:2    | Killed an orc warlord
 20160 | Orc:2    | Reached skill level 16 in Long Blades
 20349 | Orc:2    | Found Inaano Iliaps's Book Emporium.
 20370 | Orc:2    | Received a gift from Trog
 20374 | Orc:2    | Reached ****** piety under Trog
 20412 | Orc:2    | Found Okhlydeg's Food Boutique.
 20412 | Orc:2    | Found Qutudoit's Food Shoppe.
 20417 | Orc:2    | Found Serozyikh's Distillery.
 20426 | Orc:2    | Found Nyosaij's Magic Scroll Shop.
 20476 | Orc:2    | Bought a scroll of acquirement for 624 gold pieces
 20579 | Orc:2    | Found a roughly hewn altar of Beogh.
 20939 | D:13     | Reached skill level 5 in Dodging
 21051 | D:13     | Found a gate to the Vaults.
 21246 | D:13     | Received a gift from Trog
 21266 | D:13     | Noticed Rupert
 21274 | D:13     | Killed Rupert
 21299 | D:13     | Reached XP level 15. HP: 112/139 MP: 14/14
 22319 | D:15     | Entered Level 15 of the Dungeon
 22438 | D:15     | Found a blossoming altar of Fedhas.
 22529 | D:15     | Found an opulent altar of Gozag.
 22588 | D:15     | Reached skill level 15 in Armour
 22906 | D:15     | Found a staircase to the Depths.
 23355 | Shoals:1 | Entered Level 1 of the Shoals
 23459 | Shoals:1 | Received a gift from Trog
 23527 | Shoals:1 | Reached skill level 1 in Throwing
 24110 | Shoals:1 | Reached skill level 5 in Throwing
 24521 | Shoals:2 | HP: 2/208 [manticore (10)]
 24528 | Shoals:2 | Killed from afar by a water nymph

Skill      XL: |  1  2  3  4  5  6  7  8  9 10 11 12 13 14 15 |
---------------+----------------------------------------------+-----
Long Blades    | 3 4 5 6 9 11 12 14 16 | 16.7
Fighting       | 5 9 12 14 | 14.8
Armour         | 6 7 10 13 14 15 | 15.8
Shields        | 5 10 13 15 | 15.0
Dodging        | 8 |  8.7
Throwing       | 6 |  6.9

Action                   |  1- 3 |  4- 6 |  7- 9 | 10-12 | 13-15 || total
-------------------------+-------+-------+-------+-------+-------++-------
Melee: Long sword        |    74 |   160 |   300 |   680 |   385 ||  1599
       Headbutt          |    11 |    24 |    45 |   139 |   307 ||   526
       Hand axe          |       |       |       |    44 |    28 ||    72
       Double sword      |       |       |       |       |   815 ||   815
Throw: Javelin           |       |       |       |       |     5 ||     5
Invok: Berserk           |       |       |     2 |     4 |     2 ||     8
       Trog's Hand       |       |       |       |     1 |     4 ||     5
       Brothers in Arms  |       |       |       |       |     1 ||     1
Evoke: Wand              |       |     2 |       |       |       ||     2
  Use: Potion            |       |     1 |     2 |     2 |     8 ||    13
       Scroll            |       |       |    14 |    15 |    16 ||    45
 Stab: Distracted        |       |       |       |       |     4 ||     4
  Eat: Chunk             |     1 |     7 |    11 |    27 |    19 ||    65
       Bread ration      |       |       |     1 |       |       ||     1
       Royal jelly       |       |       |       |       |     3 ||     3
       Fruit             |       |       |       |       |     2 ||     2
       Meat ration       |       |       |       |       |     2 ||     2
Armor: Scale mail        |    46 |    57 |       |       |       ||   103
       Chain mail        |       |    25 |    43 |       |       ||    68
       Plate armour      |       |       |   111 |   375 |   597 ||  1083
       Skin              |       |       |       |       |    13 ||    13
Dodge: Dodged            |    42 |    98 |    96 |   160 |   387 ||   783
Block: Shield            |       |       |       |   388 |   873 ||  1261
       Rpst.: Long sword |    11 |    26 |    24 |    33 |    34 ||   128
       Double sword      |       |       |       |       |    47 ||    47
